 Dungeon Crawl Stone Soup version 0.14-a0-181-gf6fe0c6 (webtiles) character file.

5499 Malachi the Basher (level 10, -8/82 HPs)
             Began as a Ghoul Fighter on Oct 7, 2013.
             Was a Believer of Kikubaaqudgha.
             Mangled by an elephant slug (30 damage)
             ... on Level 10 of the Dungeon.
             The game lasted 00:17:25 (6987 turns).

Malachi the Basher (Ghoul Fighter)                  Turns: 6987, Time: 00:17:26

HP  -8/82        AC 20     Str 28      XL: 10   Next: 57%
MP   6/6         EV  5     Int  3      God: Kikubaaqudgha [**....]
Gold 415         SH 23     Dex 11      Spells:  0 memorised,  9 levels left

Res.Fire  : . . .   See Invis. : .   p - +2,+6 orc morningstar
Res.Cold  : + . .   Warding    : .   l - +2 plate armour
Life Prot.: + + +   Conserve   : .   c - +0 shield
Res.Poison: +       Res.Corr.  : +   K - +0 dwarf plumed helmet
Res.Elec. : .       Clarity    : .   s - +0 cloak
Sust.Abil.: . .     Spirit.Shd : .   T - +0 pair of gloves
Res.Mut.  : .       Stasis     : .   L - +0 pair of boots
Res.Rott. : +       Flight     : .   q - amulet of resist corrosion
Saprovore : + + +                    N - +4 ring of strength
                                     r - +3 ring of dexterity

@: rotting, somewhat resistant to hostile enchantments, extremely unstealthy
A: rotting body, claws 1, carnivore 3, cold resistance 1, life protection 3,
poison resistance, saprovore 3, slow healing 1, torment resistance, unbreathing
a: Receive Corpses, Renounce Religion


You were on level 10 of the Dungeon.
You worshipped Kikubaaqudgha.
Kikubaaqudgha was pleased with you.
You were not hungry.

You visited 2 branches of the dungeon, and saw 11 of its levels.

You collected 395 gold pieces.

Inventory:

Hand weapons
 a - a +0,+0 mace
 k - a +0 blowgun
 p - a +2,+6 orcish morningstar (weapon)
 B - a +0,+0 whip of venom
Missiles
 j - 31 poisoned needles
Armour
 c - a +0 shield (worn)
 l - a +2 plate armour (worn)
 s - a +0 cloak (worn)
 v - a +0 helmet
 K - a +0 dwarven plumed helmet (worn)
 L - a +0 pair of boots (worn)
 T - a +0 pair of gloves (worn)
Magical devices
 b - a wand of slowing (10)
 E - a wand of magic darts (4)
Comestibles
 M - 3 meat rations
Scrolls
 e - 5 scrolls of teleportation
 f - 6 scrolls of identify
 m - 2 scrolls of fog
 u - a scroll of fear
 x - 3 scrolls of remove curse
 A - a scroll of amnesia
 H - a scroll of blinking
Jewellery
 q - an amulet of resist corrosion (around neck)
 r - a +3 ring of dexterity (left hand)
 N - a +4 ring of strength (right hand)
Potions
 d - 4 potions of invisibility {unknown}
 g - a potion of speed {unknown}
 i - 2 potions of agility {unknown}
 n - 4 potions of heal wounds {unknown}
 o - 3 potions of curing
 t - a potion of magic {unknown}
 w - a potion of poison {unknown}
 z - a potion of degeneration {unknown}
 F - a potion of resistance {unknown}
 G - a potion of might
 U - 2 potions of restore abilities {unknown}
Books
 C - a book of Debilitation

   Spells                             Type                      Level
   Corona                             Hexes                        1
   Slow                               Hexes                        2
   Inner Flame                        Hexes/Fire                   3
   Enslavement                        Hexes                        4
   Cause Fear                         Hexes                        4
   Leda's Liquefaction                Hexes/Earth                  4
 I - Kikubaaqudgha's Compendium of Evil
   (Kikubaaqudgha gifted it to you on level 7 of the Dungeon)

   Spells                             Type                      Level
   Pain                               Necromancy                   1
   Lethal Infusion                    Charms/Necromancy            2
   Sublimation of Blood               Necromancy                   2
   Regeneration                       Charms/Necromancy            3
   Control Undead                     Necromancy                   4


   Skills:
 + Level 6.3 Fighting
 * Level 9.1 Maces & Flails
 + Level 6.4 Armour
 + Level 4.2 Dodging
 + Level 0.8 Stealth
 + Level 7.1 Shields


You had 9 spell levels left.
You didn't know any spells.

Dungeon Overview and Level Annotations

Branches:
Dungeon (10/27)            Temple (1/1) D:6            Lair (0/8) D:10
    Orc: D:6-11

Altars:
Ashenzari
Cheibriados
Elyvilon
Fedhas
Kikubaaqudgha
Makhleb
Nemelex Xobeh
Okawaru
Sif Muna
Trog
Vehumet
Xom
Yredelemnul
Zin
the Shining One

Shops:
D:7 %


Innate Abilities, Weirdness & Mutations

Your body is rotting away.
You have sharp fingernails.
You are carnivorous and can eat meat at any time.
Your flesh is cold resistant.
You are immune to negative energy.
Your system is resistant to poisons.
You thrive on rotten meat.
You heal slowly.
You are immune to unholy pain and torment.
You can survive without breathing.


Message History

You hit the elephant slug.
The elephant slug is lightly wounded.
You puncture the elephant slug!
The elephant slug is moderately wounded.
The elephant slug bites you!
* * * LOW HITPOINT WARNING * * *
You impale the elephant slug!!
The elephant slug is heavily wounded.
You hit the elephant slug.
The elephant slug is heavily wounded.
You sock the elephant slug!
The elephant slug is heavily wounded.
The elephant slug bites you but does no damage.
You hit the elephant slug.
The elephant slug is severely wounded.
You impale the elephant slug!!
The elephant slug is severely wounded.
The elephant slug bites you!
You die...
Kikubaaqudgha rasps: "You have failed me!
Welcome... oblivion!"

#... . #.... .. #...
.##... .. ##.#..# #...
.....###.....
#............
###...........
##.#@..........
#..?#j..........
##...##........>
#..###.....###...#
#.####.....# ......
..t......###......# #.#.#.
>.Yj.[..##.#.....# #.....
.......##..%##...####.#.#.
......##....#......##.....


You could see an elephant slug.

Vanquished Creatures
  The ghost of killration the Prestidigitator, an experienced DDAr (D:7)
  An elephant (D:10)
  The ghost of casual the Unwound Octopus, an experienced OpTm of Cheibriados (D:6)
  Maurice (D:8)
  A merfolk (D:7)
  A phantom (D:7)
  A sky beast (D:4)
  An orc warrior (D:7)
  An ice beast (D:5)
  2 ogres
  6 centaurs
  2 crocodiles (D:10)
  Sigmund (D:5)
  A gnoll sergeant (D:8)
  8 giant frogs
  6 killer bees (D:10)
  A hippogriff zombie (D:6)
  3 big fish (D:7)
  2 crimson imps
  A goliath beetle (D:6)
  A quasit (D:9)
  3 hounds
  A gnoll shaman (D:9)
  2 giant frog skeletons
  3 orc priests
  3 iguanas
  2 scorpions
  7 orc wizards
  A worker ant (D:6)
  A hound skeleton (D:5)
  12 gnolls
  8 adders
  An inept feature mimic (D:3)
  3 giant mites
  3 worms
  6 giant geckos
  An ooze (D:3)
  29 orcs
  6 giant cockroaches
  6 goblins
  13 hobgoblins
  6 jackals
  A quokka (D:6)
  13 bats
  6 giant newts
  A giant spore (D:7)
  A hobgoblin skeleton (D:4)
  12 kobolds
  A kobold skeleton (D:6)
  8 rats
  A rat skeleton (D:7)
  A rat zombie (D:7)
  A ballistomycete (D:7)
206 creatures vanquished.

Notes
Turn   | Place    | Note
--------------------------------------------------------------
     0 | D:1      | Malachi, the Ghoul Fighter, began the quest for the Orb.
     0 | D:1      | Reached XP level 1. HP: 19/19 MP: 0/0
   149 | D:1      | Reached XP level 2. HP: 26/26 MP: 1/1
   555 | D:2      | Found a snail-covered altar of Cheibriados.
   570 | D:2      | Reached XP level 3. HP: 21/32 MP: 2/2
   817 | D:2      | Reached skill level 1 in Dodging
   958 | D:2      | Found a shattered altar of Ashenzari.
  1277 | D:3      | Reached XP level 4. HP: 39/39 MP: 2/2
  1590 | D:3      | Reached XP level 5. HP: 44/46 MP: 3/3
  1862 | D:3      | Reached XP level 6. HP: 31/50 MP: 4/4
  2484 | D:4      | Reached skill level 4 in Shields
  2565 | D:4      | Reached XP level 7. HP: 52/59 MP: 4/4
  2846 | D:5      | Entered Level 5 of the Dungeon
  2848 | D:5      | Noticed Sigmund
  2902 | D:5      | Killed Sigmund
  2968 | D:5      | Found a blossoming altar of Fedhas.
  3076 | D:5      | Reached skill level 5 in Maces & Flails
  3418 | D:5      | Reached XP level 8. HP: 59/66 MP: 5/5
  3885 | D:6      | Found a staircase to the Ecumenical Temple.
  3932 | D:6      | Noticed casual's ghost (experienced OpTm)
  3987 | D:6      | Killed casual's ghost
  3987 | D:6      | Reached skill level 6 in Maces & Flails
  3987 | D:6      | Reached skill level 5 in Shields
  4047 | D:6      | Reached skill level 5 in Armour
  4272 | D:6      | Reached skill level 5 in Fighting
  4346 | Temple   | Entered the Ecumenical Temple
  4549 | Temple   | Became a worshipper of Kikubaaqudgha
  4602 | D:7      | Reached XP level 9. HP: 59/70 MP: 6/6
  5084 | D:7      | Reached skill level 7 in Maces & Flails
  5158 | D:7      | Found Ydwuagaq's Food Boutique.
  5272 | D:7      | Acquired Kikubaaqudgha's first power
  5272 | D:7      | Received a gift from Kikubaaqudgha
  5275 | D:7      | Identified Kikubaaqudgha's Compendium of Evil (Kikubaaqudgha gifted it to you on level 7 of the Dungeon)
  5413 | D:7      | Noticed killration's ghost (experienced DDAr)
  5443 | D:7      | Killed killration's ghost
  5501 | D:8      | Reached skill level 8 in Maces & Flails
  5633 | D:8      | Reached XP level 10. HP: 62/82 MP: 6/6
  5729 | D:8      | Found a shimmering altar of Xom.
  5731 | D:8      | Found a shimmering altar of Xom.
  5737 | D:8      | Found a shimmering altar of Xom.
  5737 | D:8      | Found a shimmering altar of Xom.
  5737 | D:8      | Noticed a fire drake
  5749 | D:8      | Noticed an elf
  5749 | D:8      | a troll changed into an elf
  5771 | D:8      | Noticed Maurice
  5813 | D:8      | Noticed a water nymph
  5813 | D:8      | an elf changed into a water nymph
  5814 | D:8      | Killed Maurice
  5852 | D:8      | Noticed a griffon
  6111 | D:8      | Noticed a griffon
  6174 | D:9      | Found a snail-covered altar of Cheibriados.
  6274 | D:9      | Acquired Kikubaaqudgha's second power
  6643 | D:9      | Found an iron altar of Okawaru.
  6821 | D:10     | Entered Level 10 of the Dungeon
  6909 | D:10     | Found a staircase to the Lair.
  6909 | D:10     | Noticed an elephant
  6939 | D:10     | Killed an elephant
  6939 | D:10     | Reached skill level 9 in Maces & Flails
  6987 | D:10     | Mangled by an elephant slug

Action                   |  1- 3 |  4- 6 |  7- 9 | 10-12 || total
-------------------------+-------+-------+-------+-------++-------
Melee: Mace              |   105 |    89 |       |       ||   194
       Morningstar       |       |    77 |   392 |   192 ||   661
  Use: Scroll            |       |    11 |       |    12 ||    23
       Potion            |       |     1 |       |       ||     1
